 Dungeon Crawl Stone Soup version 0.29-a0-824-gd827844252 (webtiles) character file.

Game seed: 18110413871161000221

1397 Malachi the Skirmisher (level 8, -4/47 (50) HPs)
             Began as an Octopode Hunter on July 10, 2022.
             Slain by a wight
             ... wielding a +4 scimitar
              (14 damage)
             ... on level 6 of the Dungeon.
             The game lasted 00:07:27 (7924 turns).

Malachi the Skirmisher (Octopode Hunter)            Turns: 7924, Time: 00:07:27

HP:   -4/47 (50)    AC:  5    Str: 14      XL:     8   Next: 69%
MP:   8/8           EV: 13    Int: 10 (11) God:
Gold: 335           SH:  0    Dex: 15 (16) Spells: 7/7 levels left

rFire   . . .      SeeInvis .   c - +4 flail (protect)
rCold   . . .      Faith    .   (no shield)
rNeg    . . .      Spirit   .   (helmet restricted)
rPois   .          Reflect  .   g - amulet of the acrobat
rElec   .          Harm     .   d - +4 ring of protection
rCorr   .          Rampage  .   (no ring)
Will    .....      Rage     3%  (no ring)
Stlth   +++.......              (no ring)
HPRegen 0.15/turn               (no ring)
MPRegen 0.11/turn               (no ring)
                                (no ring)
                                (no ring)

@: drained
A: almost no armour, amphibious, 8 rings, camouflage 1, gelatinous body 1,
(nimble swimmer 1), tentacles, berserk 1, deterioration 1, strong 1
a: no special abilities


You were on level 6 of the Dungeon.
You visited 2 branches of the dungeon, and saw 8 of its levels.

You collected 335 gold pieces.

Inventory:

Hand Weapons
 a - a +1 shortbow
 c - a +4 flail of protection (weapon)
Jewellery
 d - a +4 ring of protection (left tentacle)
 g - an amulet of the acrobat (around mantle)
Wands
 q - a wand of flame (8)
 r - a wand of mindburst (5)
Scrolls
 b - 4 scrolls of immolation
 f - a scroll of teleportation
 h - 2 scrolls of poison
 i - 3 scrolls of enchant armour
 j - a scroll of enchant weapon
 k - a scroll of amnesia
Potions
 e - 3 potions of curing
 l - 2 potions of haste {unknown}
 o - 2 potions of degeneration {unknown}
 p - 2 potions of flight
 s - a potion of heal wounds {unknown}
 t - a potion of berserk rage {unknown}


   Skills:
 - Level 2.0 Fighting
 - Level 0.1 Short Blades
 - Level 1.1 Maces & Flails
 * Level 11.0 Ranged Weapons
 - Level 2.0 Dodging
 - Level 1.8 Stealth


You had 7 spell levels left.
You didn't know any spells.
Your spell library contained the following spells:

 Spells                   Type           Power      Damage    Failure   Level
 Magic Dart               Conj           0%         1d3       36%         1
 Searing Ray              Conj           0%         2d4       50%         2
 Fulminant Prism          Conj/Hex       0%         3d6       98%         4
 Summon Lightning Spire   Summ/Air       0%         N/A       98%         4
 Freezing Cloud           Conj/Ice/Air   0%         6-21      100%        5
 Simulacrum               Ice/Necr       0%         N/A       100%        6
 Storm Form               Tmut/Air       0%         N/A       100%        7
 Maxwell's Capacitive Co  Air            0%         ∞         100%        8
 Polar Vortex             Ice            0%         N/A       100%        9


Dungeon Overview and Level Annotations

Branches:
Dungeon (7/15)             Temple (1/1) D:5

Altars:
Ashenzari
Dithmenos
Fedhas
Gozag
Hepliaklqana
Kikubaaqudgha
Qazlal
Ru
Sif Muna
Trog
Uskayaw
Vehumet
Wu Jian
Xom
Yredelemnul
Zin
The Shining One

Shops:
D:5 !((((


Innate Abilities, Weirdness & Mutations

You cannot wear most types of armour.
You are amphibious.
You can wear up to eight rings at the same time.
Your skin changes colour to match your surroundings (Stealth+).
Your rubbery body absorbs attacks. (AC +1, EV +1)
((You are camouflaged when in or above water. (Stealth+)))
You have tentacles for arms and can constrict up to eight enemies at once.
You sometimes lose your temper in combat.
Your body sometimes deteriorates upon taking damage.
Your muscles are strong. (Str +4, Int/Dex -1)


Message History

You shoot an arrow. The arrow barely misses the wight.
The arrow hits the wight!
The wight is heavily damaged.
You shoot an arrow. The arrow hits the wight.
The wight is lightly damaged.
You shoot an arrow.
The arrow hits the wight but does no damage.
The wight is lightly damaged.
The wight hits you but does no damage.
You shoot an arrow. The arrow hits the wight.
The wight is moderately damaged.
The wight hits you with a +4 scimitar!
You shoot an arrow.
The arrow hits the wight but does no damage.
The wight is moderately damaged.
The wight hits you with a +4 scimitar!!
Your body deteriorates!
You feel dopey.
You feel drained. The wight attacks as you move away!
The wight hits you with a +4 scimitar.
You feel drained. The wight attacks as you move away! The wight misses you.
There is a stone staircase leading up here.
The wight hits you with a +4 scimitar!
* * * LOW HITPOINT WARNING * * *
You climb upwards.
There is a stone staircase leading down here.
Unknown command.
The wight misses you. The wight attacks as you move away!
The wight completely misses you. The wight attacks as you move away!
The wight completely misses you.
You feel better. The wight hits you with a +4 scimitar.
* * * LOW HITPOINT WARNING * * *
Your body deteriorates!
You feel clumsy.
Your +4 flail of protection hums with potential!
c - a +4 flail of protection (weapon)
You closely miss the wight. You grab the wight.
The wight is moderately damaged.
You constrict the wight. The wight closely misses you.
The wight hits you with a +4 scimitar!
You die...

.[....#.#.......#.##.##.####.##..
..#...#.#.#..................#...
......#.#.#..........#......##...
#...#.#.#.#..........#...........
..#...........#......#...........
..#...........#......##..........
..................#..##.######...
..##..........##..#..##..........
................@z..>#########...
####..........#.#.#### ####
#.......##...#.# #.......##.###.#
#####..........# #.####.##### #.#
#.# #.# #.# #.# #.#


You could see a wight.

Vanquished Creatures
  Sigmund (D:3)
  A black bear (D:5)
  2 ice beasts
  A centaur (D:6)
  2 phantoms
  Blork the orc (D:5)
  A wight (D:7)
  4 hounds
  An orc priest (D:6)
  An orc wizard (D:4)
  6 iguanas
  Natasha (thrice) (D:2)
  Terence (D:3)
  3 gnolls (D:5)
  4 adders
  A white imp (D:5)
  3 dart slugs
  2 worms (D:2)
  7 orcs
  5 ball pythons
  4 bats
  7 endoplasms
  4 giant cockroaches
  9 goblins
  7 hobgoblins
  5 kobolds (D:1)
  2 quokkas
  7 frilled lizards
  5 rats
100 creatures vanquished.

Vanquished Creatures (others)
  3 plants (D:4)
3 creatures vanquished.

Grand Total: 103 creatures vanquished

Notes
Turn   | Place    | Note
-------+----------+-------------------------------------------
     0 | D:1      | Malachi the Octopode Hunter began the quest for the Orb.
     0 | D:1      | Reached XP level 1. HP: 14/14 MP: 1/1
   140 | D:1      | Reached XP level 2. HP: 19/19 MP: 2/2
   614 | D:1      | Reached XP level 3. HP: 24/24 MP: 3/3
   771 | D:1      | Reached skill level 5 in Ranged Weapons
   818 | D:1      | Found a faded altar of an unknown god.
  1157 | D:2      | Noticed Natasha
  1163 | D:2      | Killed Natasha
  1164 | D:2      | Reached XP level 4. HP: 7/29 MP: 4/4
  1795 | D:2      | Noticed Natasha
  1799 | D:2      | Killed Natasha
  1800 | D:2      | Reached skill level 6 in Ranged Weapons
  2005 | D:2      | Reached XP level 5. HP: 32/34 MP: 5/5
  2064 | D:2      | Noticed Natasha
  2068 | D:2      | Killed Natasha
  2286 | D:3      | Noticed Sigmund
  2291 | D:3      | Gained mutation: Your body sometimes deteriorates upon
                  | taking damage. [potion of mutation]
  2291 | D:3      | Gained mutation: You sometimes lose your temper in combat.
                  | [potion of mutation]
  2291 | D:3      | Gained mutation: Your muscles are strong. (Str +4, Int/Dex
                  | -1) [potion of mutation]
  2328 | D:3      | Killed Sigmund
  2329 | D:3      | Reached skill level 7 in Ranged Weapons
  2329 | D:3      | Reached XP level 6. HP: 11/39 MP: 6/6
  2689 | D:3      | Noticed Terence
  2706 | D:3      | Killed Terence
  3494 | D:3      | Identified the +1 ring mail of Bitaph {Harm Str+3 Int-5}
  4363 | D:4      | Reached skill level 8 in Ranged Weapons
  4363 | D:4      | Reached XP level 7. HP: 42/45 MP: 7/7
  4493 | D:4      | Found a sacrificial altar of Ru.
  4496 | D:4      | Found a basalt altar of Yredelemnul.
  4501 | D:4      | Found a stormy altar of Qazlal.
  4863 | D:5      | Entered Level 5 of the Dungeon
  4863 | D:5      | Found Erethran's Antique Weapon Shop.
  4886 | D:5      | Found Ceiz's Distillery.
  4937 | D:5      | Found a staircase to the Ecumenical Temple.
  5037 | D:5      | Found Bepepeg's Weapon Shoppe.
  5062 | Temple   | Entered the Ecumenical Temple
  5280 | D:5      | Found Larchof's Weapon Boutique.
  5290 | D:5      | Noticed Blork the orc
  5299 | D:5      | Killed Blork the orc
  5300 | D:5      | Reached skill level 1 in Maces & Flails
  5300 | D:5      | Reached skill level 9 in Ranged Weapons
  5434 | D:5      | Found a shadowy altar of Dithmenos.
  5486 | D:5      | Found Fefut's Antique Weapon Shop.
  5524 | D:5      | Reached XP level 8. HP: 32/50 MP: 8/8
  6043 | D:5      | Found a bloodstained altar of Trog.
  6350 | D:5      | Reached skill level 10 in Ranged Weapons
  6705 | D:6      | Found an ancient bone altar of Kikubaaqudgha.
  7900 | D:7      | Reached skill level 11 in Ranged Weapons
  7924 | D:6      | Slain by a wight

Illustrated notes

Levels and vault maps discovered:
D:1:      scummos_arrival_forest, layout_basic,
          hellmonk_ecumenical_altar_prayer_group
D:2:      layout_basic, uniq_natasha
D:3:      layout_loops_corners, kennysheep_cross_bottleneck,
          minmay_misc_feat_plants, uniq_sigmund, uniq_terence
D:4:      layout_basic, grunt_temple_overflow_diamond, serial_bayou_lake_a
D:5:      layout_loops_ring, nicolae_dithmenos_through_a_glass_darkly,
          lemuel_tele_altar, minmay_temple_entry_stoned_glass, serial_shops,
          nicolae_inconvenience_store, nicolae_shop_behind_doors,
          nicolae_diamond_shop, shop, shop, kennysheep_pointless_box,
          uniq_blork_the_orc
D:6:      layout_basic, kiku_gazebo_garden_becter
D:7:      layout_loops_ring, mainiacjoe_overflow_boulevard, serial_shops, shop
Temple:   nicolae_temple_bog_church

Skill      XL: |  1  2  3  4  5  6  7  8 |
---------------+-------------------------+-----
Ranged Weapons | 5 6 7 8 9 11 | 11.0
Maces & Flails | 1 |  1.1
Fighting       | |  2.0
Short Blades   | |  0.1
Dodging        | |  2.0
Stealth        | |  1.8

Action                   |  1- 3 |  4- 6 |  7- 9 || total
-------------------------+-------+-------+-------++-------
Melee: Tentacles         |       |     5 |     5 ||    10
       Dagger            |       |     5 |       ||     5
       Flail             |       |    20 |    26 ||    46
       Constrict         |       |     4 |     6 ||    10
       Punch             |       |       |     2 ||     2
 Fire: Shortbow          |    83 |   128 |   103 ||   314
  Use: Potion            |       |     6 |     1 ||     7
       Scroll            |       |     1 |     7 ||     8
 Stab: Sleeping          |       |       |     2 ||     2
Armor: Skin              |     5 |    29 |    19 ||    53
Dodge: Dodged            |    10 |    37 |    40 ||    87

Table legend: (Time is in decaauts)
 A = Elapsed time spent in this place.
 B = Non-inter-level travel time spent in this place.
 C = Inter-level travel time spent in this place.
 D = Time resting spent in this place.
 E = Time spent auto-exploring this place.
 F = Levels seen in this place.
 G = Mean time per level.
                   A        B        C        D        E       F      G
               +--------+--------+--------+--------+--------+-----+--------+
         Total |   7996 |   7789 |    207 |   2644 |   4320 |   8 |  999.5 |
       Dungeon |   7849 |   7659 |    190 |   2644 |   4203 |   7 | 1121.3 |
        Temple |    146 |    129 |     17 |      0 |    117 |   1 |  146.0 |
               +--------+--------+--------+--------+--------+-----+--------+

Top non-repeatable levels by time:
     D:5: 1577 daAuts
     D:3: 1425 daAuts
     D:6: 1329 daAuts
     D:2: 1264 daAuts
     D:4: 1257 daAuts
     D:1: 967 daAuts
  Temple: 146 daAuts
     D:7: 26 daAuts
